 Dungeon Crawl Stone Soup version 0.16.2-3-ga078185 (webtiles) character file.

269 gorblad the Ruffian (level 6, 0/61 HPs)
             Began as a Troll Chaos Knight on Sept 8, 2015.
             Killed from afar by an orc wizard (8 damage)
             ... with a magic dart
             ... on level 4 of the Dungeon.
             The game lasted 00:06:26 (1700 turns).

gorblad the Ruffian (Troll Chaos Knight)            Turns: 1700, Time: 00:06:26

Health: 0/61       AC:  8    Str: 21    XL:     6   Next: 1%
Magic:  3/3        EV: 10    Int:  8    God:    Xom [..*...]
Gold:   145        SH:  0    Dex: 11    Spells: 0 memorised, 5 levels left

rFire  . . .     SeeInvis .       - Unarmed
rCold  . . .     Clarity  .     b - +2 robe
rNeg   . . .     SustAb   .     (shield restricted)
rPois  .         Gourm    +     (helmet restricted)
rElec  .         Spirit   .     g - +0 cloak
rCorr  .         Warding  .     (gloves unavailable)
rMut   .         Stasis   .     (boots unavailable)
MR     .....                    s - amulet of regeneration
Stlth  ++........               q - ring of invisibility
                                p - ring of stealth

@: lethally poisoned (0 -> 0), exhausted, very slightly contaminated, not
resistant to hostile enchantments, unstealthy
A: unfitting armour, claws 3, fast metabolism 3, gourmand, regeneration 2,
shaggy fur 1, tough skin 2
a: Renounce Religion, Evoke Invisibility


You were on level 4 of the Dungeon.
You worshipped Xom.
You were a toy of Xom.
You were full.

You visited 1 branch of the dungeon, and saw 4 of its levels.

You collected 145 gold pieces.

Inventory:

Armour
 b - a +2 robe (worn)
 g - a +0 cloak (worn)
Jewellery
 h - an uncursed ring of magical power
 l - an uncursed ring of wizardry
 p - a ring of stealth (left claw)
 q - a ring of invisibility (right claw)
 s - an amulet of regeneration (around neck)
Scrolls
 c - 2 scrolls of fog
 e - 3 scrolls of teleportation
 i - a scroll of remove curse
 u - a scroll of amnesia
Potions
 d - 2 potions of curing
 f - 3 potions of magic
 m - a potion of heal wounds
 o - a potion of poison {unknown}
 t - a potion of brilliance {unknown}
Comestibles
 a - 4 meat rations
 j - a slice of pizza
 k - a bread ration


   Skills:
 + Level 3.3 Fighting
 + Level 1.7 Armour
 + Level 3.1 Dodging
 + Level 0.1 Stealth
 + Level 4.5 Unarmed Combat


You had 5 spell levels left.
You didn't know any spells.

Dungeon Overview and Level Annotations

Branches:
Dungeon (4/15)
 Temple: D:4-7

Altars:
Kikubaaqudgha

Shops:
D:4 !


Innate Abilities, Weirdness & Mutations

You are too large for most types of armour.
You have claws for hands.
Your metabolism is lightning-fast.
You like to eat raw meat.
You heal very quickly.
You are covered in fur (AC +1).
You have very tough skin (AC +2).


Message History

The ogre barely misses you.
You barely miss the ogre.
The ogre is heavily wounded.
The goblin hits you but does no damage. The ogre barely misses you.
The goblin hits you but does no damage.
You barely miss the ogre.
The ogre is heavily wounded.
You feel yourself speed up.
You feel sick.
The ogre is no longer bleeding.
The goblin closely misses you. The ogre hits you with a giant club!
* * * LOW HITPOINT WARNING * * *
You claw the ogre!
The ogre begins to bleed from its wounds!
The ogre is almost dead.
You feel a wave of unholy energy pass over you.
The goblin hits you but does no damage. The ogre barely misses you.
You barely miss the ogre.
The ogre is almost dead.
The goblin completely misses you. The magic dart hits you!
You die...

.. ..# ..#
..#.##.∩### .
.#..#..#... ...
...........
#.####....8....(.
#....<..#.$o......
.##.)......#........
.......w..)[#.......#
..##..O@)))#†#....# #
###g.##(((.#
#######).# #...#
#...# ###... ...#
.#.# .#.


You could see a worm, an ogre (bleeding) and a goblin.

Vanquished Creatures
  A giant frog skeleton (D:4)
  2 orc priests (D:4)
  2 orc wizards (D:4)
  A hound skeleton (D:4)
  2 adders (D:2)
  4 gnolls (D:4)
  A worm (D:3)
  An ooze (D:1)
  4 orcs
  A ball python (D:3)
  7 goblins
  10 hobgoblins
  A quokka (D:3)
  5 bats
  2 giant cockroaches
  A giant newt (D:1)
  7 jackals
  5 kobolds
  4 rats
61 creatures vanquished.

Notes
Turn   | Place    | Note
--------------------------------------------------------------
     0 | D:1      | gorblad, the Troll Chaos Knight, began the quest for the Orb.
     0 | D:1      | Reached XP level 1. HP: 22/22 MP: 1/1
    65 | D:1      | XOM: harmless Trmt miscast
   274 | D:1      | Reached XP level 2. HP: 29/29 MP: 1/1
   386 | D:1      | Reached skill level 1 in Dodging
   608 | D:1      | XOM: silly message
   671 | D:1      | XOM: mild Summ miscast
   690 | D:2      | Reached XP level 3. HP: 22/36 MP: 2/2
  1116 | D:2      | Found an ancient bone altar of Kikubaaqudgha.
  1234 | D:3      | XOM: harmless Chrm miscast
  1268 | D:3      | XOM is BORED!
  1268 | D:3      | XOM: harmless Tloc miscast
  1386 | D:3      | XOM: harmless Necr miscast
  1417 | D:3      | XOM: harmless Pois miscast
  1423 | D:3      | Reached XP level 4. HP: 45/45 MP: 2/2
  1631 | D:4      | XOM: noise
  1631 | D:4      | Found Qauvahakh's Distillery.
  1647 | D:4      | XOM: potion effect (berserk rage)
  1651 | D:4      | XOM: potion effect (invisibility)
  1653 | D:4      | XOM: potion effect (heal wounds)
  1655 | D:4      | Reached skill level 4 in Unarmed Combat
  1661 | D:4      | Reached XP level 5. HP: 53/53 MP: 2/2
  1662 | D:4      | XOM: potion effect (curing)
  1678 | D:4      | XOM: cast spell 'Confusing Touch'
  1691 | D:4      | Reached XP level 6. HP: 20/61 MP: 3/3
  1692 | D:4      | Noticed an ogre
  1700 | D:4      | Killed from afar by an orc wizard

Action                   |  1- 3 |  4- 6 || total
-------------------------+-------+-------++-------
Melee: Unarmed           |   138 |    56 ||   194
  Use: Scroll            |     9 |     1 ||    10
       Potion            |       |     1 ||     1
 Stab: Invisible         |       |     4 ||     4
  Eat: Chunk             |    18 |     1 ||    19
